 Dungeon Crawl Stone Soup version 0.24-a0-809-g71cb82dfb8 (webtiles) character file.

Game seed: 3204667954244993610, levelgen mode: deterministic

74 Arixos the Grave Robber (level 4, -10/31 HPs)
             Began as a Mummy Necromancer on Oct 11, 2019.
             Mangled by Terence
             ... wielding a +0 hand axe of electrocution
              (16 damage)
             ... on level 3 of the Dungeon.
             The game lasted 00:17:28 (2214 turns).

Arixos the Grave Robber (Mummy Necromancer)         Turns: 2214, Time: 00:17:29

Health: -10/31     AC:  2    Str: 11    XL:     4   Next: 9%
Magic:  3/9        EV: 18    Int: 15    God:
Gold:   88         SH:  0    Dex: 12    Spells: 5/10 levels left

rFire    x . .     SeeInvis .   j - +4 whip
rCold    + . .     Gourm    .   (no shield)
rNeg     + + +     Faith    .   a - +0 robe
rPois    ∞         Spirit   .   (no helmet)
rElec    .         Reflect  .   (no cloak)
rCorr    .         Harm     .   (no gloves)
MR       .....                  (no boots)
Stlth    ++........             (no amulet)
HPRegen  0.10/turn              g - +2 ring of evasion
MPRegen  0.11/turn              i - +4 ring of evasion

@: no status effects
A: no food or potions, fire vulnerability, cold resistance 1, negative energy
resistance 3, torment resistance, unbreathing
a: no special abilities


You were on level 3 of the Dungeon.
You were not hungry.

You visited 1 branch of the dungeon, and saw 3 of its levels.

You collected 88 gold pieces.

Inventory:

Hand Weapons
 j - a +4 whip (weapon)
Armour
 a - a +0 robe (worn)
Jewellery
 g - a +2 ring of evasion (left hand)
 i - a +4 ring of evasion (right hand)
Scrolls
 b - 3 scrolls of identify {unknown}
 c - 3 scrolls of enchant armour {unknown}
 d - 2 scrolls of teleportation {unknown}
 e - 2 scrolls of noise {unknown}
 f - a scroll of immolation {unknown}
 h - a scroll of remove curse {unknown}
 k - a scroll of fear {unknown}


   Skills:
 + Level 0.6 Fighting
 + Level 2.1 Dodging
 + Level 2.3 Stealth
 + Level 3.5 Spellcasting
 + Level 4.4 Necromancy


You had 5 spell levels left.
You knew the following spells:

 Your Spells              Type           Power        Failure   Level  Hunger
a - Pain                  Necr           ###.         3%          1    N/A
d - Vampiric Draining     Necr           ###.......   10%         3    N/A
q - Animate Skeleton      Necr           N/A          3%          1    N/A

Your spell library contained the following spells:

 Spells                   Type           Power        Failure   Level  Hunger
 Animate Dead             Necr           N/A          30%         4    N/A
 Regeneration             Chrm/Necr      Unusable     N/A         3    N/A

Dungeon Overview and Level Annotations

Branches:
Dungeon (3/15)

Altars:

Annotations:
D:3 Terence


Innate Abilities, Weirdness & Mutations

You do not eat or drink.
Your flesh is vulnerable to fire.
You are immune to poison.
Your flesh is cold resistant. (rC+)
You are immune to negative energy. (rN+++)
You are immune to unholy pain and torment.
You can survive without breathing.


Message History

Your rat skeleton is destroyed!
Casting: Animate Skeleton (safe; 3% risk of failure)
Confirm with . or Enter, or press ? or * to list all spells.
Aiming: Pain (safe; 3% risk of failure)
Press: ? - help, Shift-Dir - straight line, f - Terence
Aim: Terence, wielding a +0 hand axe of electrocution and wearing a +0 scale mail (chance to defeat MR: 80%) Terence writhes in agony.
Your magical contamination has completely faded away.
You hit Terence.
Terence is moderately wounded.
Terence barely misses you.
Casting: Pain (safe; 3% risk of failure)
Confirm with . or Enter, or press ? or * to list all spells.
Aiming: Pain (safe; 3% risk of failure)
Press: ? - help, Shift-Dir - straight line, f/p - Terence
Aim: Terence, wielding a +0 hand axe of electrocution and wearing a +0 scale mail (moderately wounded, chance to defeat MR: 80%) Terence barely resists.
Terence hits you but does no damage.
You are electrocuted!
Ouch! That really hurt!
You die...

# ####### #.
#........
##.####........
##............/
..[............
.......@....#
.......@....#
............#
.......%%(..#
.%..$..).(..#
........(...#
........(...#
..##..#+#.#.#
## #.. #<#.#


You could see Terence.

Vanquished Creatures
  An adder (D:2)
  2 worms (D:2)
  3 dart slugs
  4 giant cockroaches (D:1)
  8 goblins
  2 hobgoblins
  7 kobolds
  A ball python (D:1)
  4 bats
  A frilled lizard (D:2)
  7 rats
40 creatures vanquished.

Vanquished Creatures (collateral kills)
  An adder (D:2)
  An ooze (D:2)
  A dart slug (D:2)
3 creatures vanquished.

Grand Total: 43 creatures vanquished

Notes
Turn   | Place    | Note
-------+----------+-------------------------------------------
     0 | D:1      | Arixos the Mummy Necromancer began the quest for the Orb.
     0 | D:1      | Reached XP level 1. HP: 13/13 MP: 4/4
     2 | D:1      | Learned a level 1 spell: Animate Skeleton
   280 | D:1      | Reached XP level 2. HP: 14/19 MP: 1/5
  1372 | D:2      | Reached XP level 3. HP: 24/24 MP: 3/7
  1435 | D:2      | Learned a level 3 spell: Vampiric Draining
  1882 | D:2      | Reached XP level 4. HP: 31/31 MP: 2/9
  2189 | D:3      | Noticed Terence
  2214 | D:3      | Mangled by Terence

Levels and vault maps discovered:
D:1:      nzn_arrival_depleted_hourglass, layout_basic, corexii_hall_statues_x
D:2:      layout_rooms, minmay_misc_feat_secret_circle
D:3:      kennysheep_the_goblin_king, layout_basic, lemuel_round_altar,
          first_ration, uniq_terence

Skill      XL: |  1  2 |
---------------+-------+-----
Spellcasting   | 3 |  3.5
Stealth        | 2 |  2.3
Dodging        | 2 |  2.1
Fighting       | |  0.6
Necromancy     | |  4.4

Action                   |  1- 3 |  4- 6 || total
-------------------------+-------+-------++-------
Melee: Unarmed           |    32 |       ||    32
       Whip              |     7 |     8 ||    15
 Cast: Pain              |    71 |     8 ||    79
       Animate Skeleton  |    15 |     2 ||    17
Armor: Robe              |    13 |     1 ||    14
Dodge: Dodged            |    42 |    18 ||    60

Table legend:
 A = Non-vault XP
 B = Vault XP
 C = Vault XP percentage of total XP
 D = Non-vault monster count
 E = Vault monster count
 F = Vault count percentage of total count
                 A         B        C        D         E       F
            +---------+---------+-------+---------+---------+-------
      Total |     106 |       0 |   0.0 |      43 |       0 |   0.0
            +---------+---------+-------+---------+---------+-------
        D:1 |      39 |       0 |   0.0 |      23 |       0 |   0.0
        D:2 |      61 |       0 |   0.0 |      16 |       0 |   0.0
        D:3 |       6 |       0 |   0.0 |       4 |       0 |   0.0
            +---------+---------+-------+---------+---------+-------
